 Dungeon Crawl Stone Soup version 0.29.1-15-g9cfb28693d (webtiles) character file.

Game seed: 12309296187718361426

26417 CatalinOSBI the Necromancer (level 12, -19/64 HPs)
             Began as a Deep Elf Necromancer on Mar 29, 2023.
             Was an Elder of Vehumet.
             Killed from afar by a shock serpent (27 damage)
             ... with a bolt of electricity
             ... on level 3 of the Lair of Beasts on Mar 31, 2023.
             The game lasted 05:08:17 (23466 turns).

CatalinOSBI the Necromancer (Deep Elf Necromancer) Turns: 23466, Time: 05:08:18

Health: -19/64     AC: 11    Str:  5    XL:     12   Next: 98%
Magic:  15/38      EV: 14    Int: 35    God:    Vehumet [****..]
Gold:   318        SH:  5    Dex: 15    Spells: 1/34 levels left

rFire   . . .      SeeInvis .   E - +1 sling "Wionwowi" {venom, rN+ MP+9 Int-3 Stlth+}
rCold   . . .      Faith    .   (no shield)
rNeg    + . .      Spirit   .   l - +1 robe {Will+}
rPois   .          Reflect  +   H - +2 helmet
rElec   .          Harm     .   q - scarf {repulsion}
rCorr   .          Rampage  .   Q - +2 pair of gloves
Will    ++...                   i - +1 pair of boots
Stlth   +++.......              M - amulet of reflection
HPRegen 0.20/turn               h - +6 ring of intelligence
MPRegen 0.26/turn               m - +6 ring of intelligence

@: invisible, repel missiles
A: no striking features
a: Renounce Religion


You were on level 3 of the Lair of Beasts.
You worshipped Vehumet.
Vehumet was greatly pleased with you.
You visited 5 branches of the dungeon, and saw 18 of its levels.

You collected 933 gold pieces.
You spent 615 gold pieces at shops.

Inventory:

Hand Weapons
 g - a +2 dagger of venom
 r - the +1 falchion of True Grit {vorpal, rElec Str+3}
   (You found it on level 9 of the Dungeon)

   It inflicts extra damage upon your enemies.
   Str:       It affects your strength (+3).
   rElec:     It insulates you from electricity.
 E - the +1 sling "Wionwowi" (weapon) {venom, rN+ MP+9 Int-3 Stlth+}
   (You found it on level 5 of the Dungeon)

   Any ammunition fired from it poisons the flesh of those it strikes.
   Int:       It affects your intelligence (-3).
   rN:        It protects you from negative energy.
   MP:        It affects your magic capacity (+9).
   Stlth:     It makes you more stealthy.
 O - a +1 dagger of pain
Missiles
 a - 13 stones
 F - 3 throwing nets
Armour
 i - a +1 pair of boots (worn)
 l - a +1 robe of willpower (worn)
 q - a scarf of repulsion (worn)
 H - a +2 helmet (worn)
 Q - a +2 pair of gloves (worn)
Magical Staves
 v - a staff of fire
 Z - a staff of air
Jewellery
 e - the ring "Heoci" {Fly rN+}
   (You acquired it on level 2 of the Lair of Beasts)

   [ring of positive energy]

   rN:        It protects you from negative energy.
   Fly:       It grants you flight.
 h - a +6 ring of intelligence (left hand)
 m - a +6 ring of intelligence (right hand)
 B - a +6 ring of strength
 M - an amulet of reflection (around neck)
 N - a +6 ring of dexterity
Wands
 k - a wand of iceblast (2)
 z - a wand of mindburst (11)
 C - a wand of paralysis (2)
 G - a wand of digging (6)
 S - a wand of flame (6)
Scrolls
 d - 2 scrolls of blinking
 n - 3 scrolls of butterflies
 p - 4 scrolls of noise
 w - a scroll of immolation {unknown}
 A - a scroll of fear
 P - a scroll of magic mapping
 W - a scroll of amnesia
Potions
 b - a potion of magic
 c - a potion of attraction
 f - a potion of resistance
 j - 2 potions of degeneration
 o - a potion of brilliance
 s - 4 potions of flight
 t - 2 potions of cancellation
 u - 2 potions of ambrosia
 x - 3 potions of curing
 D - a potion of might
 K - a potion of invisibility
 L - 2 potions of mutation
 X - a potion of lignification
Miscellaneous
 I - a piece from Xom's chessboard (15/15)
 V - a phantom mirror


   Skills:
 + Level 2.8 Fighting
 + Level 5.2 Dodging
 - Level 2.8 Stealth
 - Level 11.5 Spellcasting
 - Level 6.7 Conjurations
 - Level 15.0 Necromancy
 - Level 6.0 Ice Magic
 - Level 6.0 Air Magic
 + Level 12.9 Earth Magic


You had one spell level left.
You knew the following spells:

 Your Spells              Type           Power      Damage    Failure   Level
a - Iron Shot             Conj/Erth      36%        9d7       1%          6
b - Vampiric Draining     Necr           90%        2d12      0%          3
c - Dispel Undead         Necr           90%        3d29      1%          4
d - Agony                 Necr           90%        N/A       1%          5
e - Frozen Ramparts       Ice            100%       1d16      1%          3
f - Animate Dead          Necr           90%        N/A       1%          4
g - Stone Arrow           Conj/Erth      100%       3d13      1%          3
h - Lee's Rapid Deconstr  Erth           42%        3d21*     1%          5

Your spell library contained the following spells:

 Spells                   Type           Power      Damage    Failure   Level
 Ozocubu's Refrigeration  Ice            29%        4d13      36%         7
 Necrotise                Necr           100%       1d9       0%          1
 Sandblast                Erth           100%       2d20      0%          1
 Passwall                 Tmut/Erth      50%        N/A       1%          2
 Static Discharge         Conj/Air       59%        3-11/arc  1%          2
 Fulminant Prism          Conj/Hex       21%        3d13      1%          4
 Iskenderun's Mystic Bla  Conj/Tloc      43%        2d10      1%          4
 Sticky Flame             Conj/Fire      43%        2d6       1%          4
 Ice Form                 Ice/Tmut       41%        N/A       6%          4
 Summon Ice Beast         Ice/Summ       41%        N/A       6%          4
 Summon Lightning Spire   Summ/Air       41%        N/A       6%          4
 Statue Form              Tmut/Erth      40%        N/A       22%         6
 Maxwell's Capacitive Co  Air            29%        ∞         94%         8
 Storm Form               Tmut/Air       20%        N/A       99%         7


Dungeon Overview and Level Annotations

Branches:
Dungeon (11/15)            Temple (1/1) D:4            Lair (3/5) D:10
  Swamp (0/4) Lair:2        Snake (1/4) Lair:3          Orc (2/2) D:10
    Elf: Orc:2

Altars:
Cheibriados
Dithmenos
Elyvilon
Fedhas
Kikubaaqudgha
Makhleb
Okawaru
Sif Muna
Uskayaw
Vehumet
Wu Jian
Xom
Yredelemnul
Zin
The Shining One

Shops:
D:1 :   D:3 ([[=   D:5 *   D:9 ?   D:10 [   Orc:1 (   Snake:1 :

Annotations:
D:2 1 runed translucent door, Crazy Yiuf
D:6 exclusion: upstairs
D:8 exclusion: 2 downstairs
Lair:1 exclusion: downstairs


Message History

Casting: Lee's Rapid Deconstruction (safe; 1% risk of failure)
Confirm with . or Enter, or press ? or * to list all spells.
Aiming: Iron Shot (dangerous; 1% risk of failure)
Press: ? - help, Shift-Dir - straight line, f - shock serpent
Aim: a shock serpent (57% to hit)
The iron shot misses the shock serpent.
The shock serpent shoots out a bolt of lightning at you!
The bolt of electricity hits you!
There is a staircase back to the Lair here.
Casting: Iron Shot (dangerous; 1% risk of failure)
Confirm with . or Enter, or press ? or * to list all spells.
Aiming: Iron Shot (dangerous; 1% risk of failure)
Press: ? - help, Shift-Dir - straight line, f/p - shock serpent
Aim: a shock serpent (57% to hit)
The iron shot misses the shock serpent.
The iron shot hits the naga!!
The naga is almost dead.
The naga spits poison at you. The splash of poison misses you.
The shock serpent bites you but does no damage.
You climb upwards.
Welcome back to the Lair of Beasts!
There is a staircase to the Snake Pit here.
Casting: Iron Shot (dangerous; 1% risk of failure)
Confirm with . or Enter, or press ? or * to list all spells.
Aiming: Vampiric Draining (safe; 0% risk of failure)
Press: ? - help, Shift-Dir - straight line, f - shock serpent
Aim: a shock serpent You draw life force from the shock serpent!
You feel life coursing into your body.
The shock serpent's electric aura discharges, shocking you!
The shock serpent bites you. The shock serpent shocks you!
The shock serpent bites you! The shock serpent shocks you!
* * * LOW HITPOINT WARNING * * *
Press: ? - help, . - travel You can't see that place. [a stone wall.]
You fade into invisibility!
The shock serpent closely misses you.
The shock serpent shoots out a bolt of lightning at you!
The bolt of electricity hits you!!
You die...

.......#.[...#...#..........#....
....#..#....#.#..................
..##.#......###..#.#.#....[#...##
..#.........###..###.Z.#.###....#
.......#....##...##....Z#.##.....
#.....#.....########..####..#..#.
#........####.....###..........##
#........##.........##...###..###
#....##..#...#..@#...#..## #..##.
......#......#.S.#.....P# ##...#
....#....#...#...#...#..# #....
....[....##.........##..#####.#..
......)...###.....###....#.#..###
.....#.###..########........### #
....######.......###........##
.....###.#......#.P...P#Z...P##
...#..#.###...........##..#...#


You could see a shock serpent (unable to see you).

Vanquished Creatures
  A two-headed ogre (D:10)
  The ghost of ghwc the Bludgeoner, a journeyman GrCA of Ignis (Lair:1)
  The ghost of McKennaii the Destroyer, a novice DgEE (D:9)
  Pikel (D:5)
  A deep elf pyromancer (D:8)
  2 elephants
  A manticore (D:10)
  2 salamanders (Snake:1)
  3 naga magi (Snake:1)
  2 black mambas
  5 cane toads
  3 rime drakes
  4 komodo dragons
  A polar bear (Lair:2)
  7 blink frogs (Lair:1)
  Sigmund (D:4)
  26 yaks
  A wyvern (Lair:3)
  A ynoxinul (D:9)
  A basilisk (Lair:1)
  4 vampire mosquitoes (Lair:2)
  Edmund (D:6)
  4 nagas
  Duvessa (D:6)
  An acid dragon (D:9)
  7 water moccasins
  6 orc warriors
  A hornet zombie (D:7)
  An ice beast (D:5)
  A black bear (Lair:2)
  2 sky beasts (D:7)
  8 wolves
  2 ogres (Orc:1)
  A phantom (D:6)
  3 centaurs
  4 lemures (D:6)
  7 bullfrogs
  3 kobold brigands
  3 necrophages
  A wyvern zombie (D:7)
  A water moccasin zombie (D:7)
  2 scorpions (D:5)
  9 wights
  Dowan (D:6)
  A yak zombie (Lair:2)
  11 killer bees
  3 howler monkeys (D:8)
  A bullfrog zombie (D:7)
  A centaur zombie (D:7)
  7 orc priests
  A basilisk zombie (Lair:1)
  4 hounds
  A jelly (D:7)
  2 gnoll boudas
  An iguana (D:7)
  Natasha (twice) (D:2)
  6 orc wizards
  A killer bee zombie (D:7)
  3 howler monkey zombies
  12 adders
  8 gnolls
  A shadow imp (D:6)
  2 white imps (D:7)
  An ufetubus (D:4)
  2 worms
  51 orcs
  6 ball pythons
  6 endoplasms
  5 giant cockroaches
  3 goblins (D:2)
  9 hobgoblins
  8 jackals
  6 bats
  18 kobolds
  4 rats
326 creatures vanquished.

Vanquished Creatures (collateral kills)
  A two-headed ogre (D:9)
  A lindwurm (Lair:2)
  An elephant (Lair:2)
  10 yaks
  A wyvern (Lair:2)
  A vampire mosquito (Lair:2)
  A naga (Snake:1)
  An acid dragon (D:9)
  A water moccasin (Lair:2)
  An orc warrior (D:10)
  A wolf (Lair:1)
  9 killer bees
  An orc priest (D:10)
  A gnoll bouda (D:9)
  3 gnolls (D:9)
  6 orcs
  A goblin (D:3)
  A kobold (D:7)
  3 ball pythons (D:1)
  A frilled lizard (D:2)
  2 butterflies (D:7)
48 creatures vanquished.

Vanquished Creatures (others)
  A black mamba zombie (Snake:1)
  A cane toad zombie (Lair:2)
  A komodo dragon zombie (Lair:1)
  9 yak zombies
  3 wolf zombies (Lair:2)
  2 centaur zombies
  18 killer bee zombies
  An ogre zombie (Orc:1)
  4 naga zombies (Snake:1)
  2 sky beast zombies (D:7)
  2 howler monkey zombies (D:8)
  2 kobold zombies (D:6)
  8 orc zombies
  25 fungi
  51 plants
130 creatures vanquished.

Grand Total: 504 creatures vanquished

Notes
Turn   | Place    | Note
-------+----------+-------------------------------------------
     0 | D:1      | CatalinOSBI the Deep Elf Necromancer began the quest for
                  | the Orb.
     0 | D:1      | Reached XP level 1. HP: 10/10 MP: 6/6
    13 | D:1      | Found Jeegg's Vocational Training.
   222 | D:1      | Reached XP level 2. HP: 15/15 MP: 5/8
   268 | D:1      | Reached skill level 5 in Necromancy
   510 | D:1      | Found a faded altar of an unknown god.
  1538 | D:2      | Reached XP level 3. HP: 19/19 MP: 1/10
  2047 | D:2      | Found a runed translucent door.
  2048 | D:2      | Noticed Crazy Yiuf
  2244 | D:2      | Noticed Natasha
  2252 | D:2      | Killed Natasha
  2253 | D:2      | Reached XP level 4. HP: 6/24 MP: 5/12
  2920 | D:2      | Reached skill level 6 in Necromancy
  3030 | D:3      | Reached skill level 5 in Spellcasting
  3052 | D:3      | Reached XP level 5. HP: 25/28 MP: 4/14
  3394 | D:3      | Found Tefuerao's Jewellery Shop.
  3438 | D:3      | Found Qogix's Armour Emporium.
  3683 | D:3      | Found Zajisteg's Weapon Boutique.
  3762 | D:2      | Noticed Natasha
  3766 | D:2      | Killed Natasha
  4035 | D:3      | Found Jygac's Armour Emporium.
  4043 | D:3      | Bought a scarf of repulsion for 120 gold pieces
  4189 | D:3      | Learned a level 3 spell: Vampiric Draining
  4194 | D:3      | Learned a level 4 spell: Dispel Undead
  4200 | D:3      | Learned a level 5 spell: Agony
  4406 | D:4      | Reached skill level 7 in Necromancy
  4460 | D:4      | Reached XP level 6. HP: 32/32 MP: 10/16
  5092 | D:4      | Found a staircase to the Ecumenical Temple.
  5105 | Temple   | Entered the Ecumenical Temple
  5185 | Temple   | Became a worshipper of Vehumet
  5426 | D:4      | Found a white marble altar of Elyvilon.
  5452 | D:4      | Noticed Sigmund
  5499 | D:5      | Entered Level 5 of the Dungeon
  5839 | D:4      | Learned a level 2 spell: Static Discharge
  5859 | D:4      | Killed Sigmund
  5860 | D:4      | Reached skill level 8 in Necromancy
  6577 | D:5      | Reached skill level 9 in Necromancy
  6577 | D:5      | Reached XP level 7. HP: 36/36 MP: 10/17
  6601 | D:5      | Reached skill level 1 in Conjurations
  6995 | D:5      | Reached skill level 1 in Air Magic
  7103 | D:5      | Found Zin's Purification Station.
  7121 | D:5      | Found a glowing silver altar of Zin.
  7136 | D:5      | Identified the +1 sling "Wionwowi" {venom, rN+ MP+9 Int-3
                  | Stlth+}
  7761 | D:6      | Learned a level 4 spell: Animate Dead
  7792 | D:6      | Reached XP level 8. HP: 41/41 MP: 21/21
  7801 | D:6      | Noticed Pikel
  8244 | D:6      | Found a glowing drain.
  8754 | D:6      | Reached * piety under Vehumet
  8754 | D:6      | Offered knowledge of Sandblast by Vehumet.
  8973 | D:6      | Learned a level 1 spell: Sandblast
  9232 | D:6      | Noticed Duvessa
  9232 | D:6      | Noticed Dowan
  9244 | D:6      | Killed Duvessa
  9245 | D:6      | Reached skill level 1 in Earth Magic
  9248 | D:6      | Killed Dowan
  9426 | D:6      | Noticed Edmund
  9457 | D:6      | Killed Edmund
  9458 | D:6      | Reached skill level 10 in Necromancy
  9570 | D:6      | Found a glowing golden altar of the Shining One.
  9872 | D:7      | Reached skill level 11 in Necromancy
  9956 | D:7      | Found a shimmering altar of Xom.
  9967 | D:7      | Learned a level 3 spell: Frozen Ramparts
 10069 | D:7      | Reached XP level 9. HP: 45/45 MP: 10/24
 10614 | D:5      | Killed Pikel
 10852 | D:7      | Reached skill level 12 in Necromancy
 10922 | D:7      | Reached ** piety under Vehumet
 10922 | D:7      | Offered knowledge of Magic Dart by Vehumet.
 11419 | D:7      | Found an ancient bone altar of Kikubaaqudgha.
 11431 | D:7      | Reached skill level 13 in Necromancy
 11512 | D:7      | Found a burning altar of Makhleb.
 11587 | D:7      | Found a shimmering blue altar of Sif Muna.
 11967 | D:8      | Noticed a deep elf pyromancer
 11979 | D:8      | Reached XP level 10. HP: 50/50 MP: 18/25
 11982 | D:8      | Killed a deep elf pyromancer
 12436 | D:8      | Offered knowledge of Scorch by Vehumet.
 12781 | D:3      | Bought a +2 helmet for 165 gold pieces
 12781 | D:3      | Bought a +0 pair of gloves for 45 gold pieces
 13086 | D:9      | Reached skill level 14 in Necromancy
 13248 | D:9      | Reached *** piety under Vehumet
 13257 | D:9      | Noticed a two-headed ogre
 13260 | D:9      | Killed a two-headed ogre
 13261 | D:9      | Reached skill level 5 in Air Magic
 13470 | D:9      | Noticed McKennaii's ghost (novice DgEE)
 13486 | D:9      | Found a runed translucent door.
 13681 | D:9      | Reached skill level 15 in Necromancy
 13751 | D:9      | Offered knowledge of Stone Arrow by Vehumet.
 13752 | D:9      | Reached XP level 11. HP: 54/54 MP: 13/26
 13842 | D:9      | Learned a level 3 spell: Stone Arrow
 13848 | D:9      | Learned a level 5 spell: Lee's Rapid Deconstruction
 14032 | D:9      | Reached skill level 5 in Earth Magic
 14112 | D:9      | Found Covusam's Magic Scroll Shoppe.
 14179 | D:9      | Identified the +1 falchion of True Grit {vorpal, rElec
                  | Str+3}
 14646 | D:10     | Entered Level 10 of the Dungeon
 15280 | D:10     | Reached **** piety under Vehumet
 15445 | D:10     | Offered knowledge of Iskenderun's Battlesphere by Vehumet.
 15480 | D:10     | Found a staircase to the Orcish Mines.
 15495 | Orc:1    | Entered Level 1 of the Orcish Mines
 15816 | Orc:1    | Found Inicuanu's Weapon Shop.
 15849 | Orc:2    | Entered Level 2 of the Orcish Mines
 16435 | D:10     | Found a staircase to the Lair.
 16555 | D:10     | Found Xaytz's Antique Armour Shoppe.
 16563 | D:10     | Noticed a two-headed ogre
 16646 | D:10     | Killed a two-headed ogre
 16826 | Lair:1   | Entered Level 1 of the Lair of Beasts
 17250 | Lair:1   | Reached skill level 10 in Earth Magic
 17371 | Lair:1   | Reached ***** piety under Vehumet
 17375 | Lair:1   | Offered knowledge of Ozocubu's Refrigeration by Vehumet.
 17864 | Lair:1   | Found a runed translucent door.
 17864 | Lair:1   | Noticed ghwc's ghost (journeyman GrCA)
 17882 | Lair:1   | Killed ghwc's ghost
 18681 | D:9      | Reached XP level 12. HP: 49/59 MP: 27/27
 18750 | D:9      | Killed McKennaii's ghost
 18764 | D:9      | Got Sif Muna's Spellbook of Geology
 18854 | D:9      | Bought a scroll of amnesia for 60 gold pieces
 18854 | D:9      | Bought a scroll of amnesia for 60 gold pieces
 18963 | D:11     | Noticed a boulder beetle
 19534 | Lair:2   | Reached skill level 10 in Spellcasting
 19640 | Lair:2   | Found a staircase to the Swamp.
 19651 | Lair:2   | Reached skill level 5 in Conjurations
 20244 | Lair:2   | Learned a level 6 spell: Iron Shot
 20305 | Lair:2   | Found a shimmering altar of Xom.
 20802 | Lair:2   | Identified a scroll of acquirement
 20802 | Lair:2   | Acquired the ring "Heoci" {Fly rN+}
 21099 | D:3      | Bought a +1 robe of willpower for 165 gold pieces
 21734 | Lair:3   | Reached skill level 1 in Fighting
 22437 | Lair:3   | Found a staircase to the Snake Pit.
 23005 | Snake:1  | Entered Level 1 of the Snake Pit
 23215 | Snake:1  | Noticed a naga warrior
 23218 | Snake:1  | Reached skill level 5 in Dodging
 23222 | Snake:1  | Found Duoskus's Book Shop.
 23228 | Snake:1  | Noticed a naga warrior
 23466 | Lair:3   | Killed from afar by a shock serpent

Illustrated notes

Levels and vault maps discovered:
D:1:      noname_arrival_rooms_in_the_neighbourhood, layout_basic,
          nicolae_ecumenical_snake_handling, nicolae_shop_vocational
D:2:      layout_basic, uniq_natasha, uniq_crazy_yiuf_cottage
D:3:      layout_rooms, serial_shops,
          nicolae_shop_temple_entry_statues_fountains, shop, shop, shop
D:4:      layout_basic, nicolae_elyvilon_temple_path,
          minmay_temple_entry_drinking_statues, uniq_sigmund
D:5:      layout_basic, zin_purify
D:6:      layout_loops_ring, nicolae_tso_carved_into_rock,
          gup_sewer_entry_glass, uniq_edmund, uniq_pikel, uniq_duvessa
D:7:      minmay_skewed_foursquare, layout_rooms,
          gammafunk_temple_overflow_statue, xom_butterflies, tgw_sif,
          serial_undead, serial_undead_c, serial_undead_a, serial_undead_a,
          serial_undead_c
D:8:      layout_cave_pods
D:9:      layout_rooms, hellmonk_ghost_big_iron, serial_shops,
          nicolae_shop_behind_doors, nicolae_fountain_basement
D:10:     layout_loops_ring, david_lair_shrubbed, david_orc_5, serial_shops,
          nicolae_diamond_shop
D:11:     layout_basic, minmay_door_square, uniq_josephine
Temple:   bh_familiar_temple
Lair:1:   layout_layer_cave, gammafunk_ghost_grave, serial_bayou_crossing,
          infiniplex_staircase_pool_2
Lair:2:   layout_small_grid, minmay_swamp_entry_swarm, basic_altar,
          dreamdust_gnoll_shepherd
Lair:3:   layout_layer_cave, minmay_snake_entry_guardpost_medium
Snake:1:  layout_cave_shapes, nicolae_snake_salamander_zone, minmay_shop_grove
Orc:1:    layout_diamond_mine, serial_shops, nicolae_shop_behind_doors,
          uniq_urug, uniq_nergalle
Orc:2:    st_orc_pillars, layout_diamond_mine, serial_shops, shop, shop

Skill      XL: |  1  2  3  4  5  6  7  8  9 10 11 12 |
---------------+-------------------------------------+-----
Necromancy     | 5 6 7 9 11 13 15 | 15.0
Spellcasting   | 4 5 7 9 11 | 11.5
Conjurations   | 3 6 |  6.7
Air Magic      | 2 6 |  6.0
Earth Magic    | 2 4 12 | 12.9
Ice Magic      | 2 6 |  6.0
Dodging        | 5 |  5.2
Fighting       | 2 |  2.8
Stealth        | |  2.8

Action                   |  1- 3 |  4- 6 |  7- 9 | 10-12 || total
-------------------------+-------+-------+-------+-------++-------
Melee: Short sword       |     4 |    12 |       |       ||    16
       Unarmed           |     3 |       |       |       ||     3
       Dagger            |       |       |     5 |       ||     5
       Falchion          |       |       |       |    15 ||    15
 Fire: Sling             |       |       |    11 |    11 ||    22
Throw: Throwing net      |       |       |     3 |       ||     3
 Cast: Necrotise         |    69 |   114 |   117 |    19 ||   319
       Vampiric Draining |       |     4 |    44 |    42 ||    90
       Static Discharge  |       |     1 |     9 |       ||    10
       Dispel Undead     |       |     1 |    12 |     7 ||    20
       Sandblast         |       |       |    33 |    24 ||    57
       Animate Dead      |       |       |     9 |    21 ||    30
       Frozen Ramparts   |       |       |    11 |    21 ||    32
       Agony             |       |       |     2 |     1 ||     3
       Lee's Rapid Decon |       |       |       |    91 ||    91
       Stone Arrow       |       |       |       |    44 ||    44
       Iron Shot         |       |       |       |    32 ||    32
Evoke: Wand              |       |       |     1 |     1 ||     2
       Phantom mirror    |       |       |       |     1 ||     1
  Use: Scroll            |     3 |    13 |     4 |    19 ||    39
       Potion            |     2 |     2 |     2 |     8 ||    14
Armor: Robe              |     5 |    11 |     7 |    49 ||    72
Dodge: Dodged            |    12 |    50 |    56 |    90 ||   208
       Repelled          |       |       |     2 |     3 ||     5
Block: Other             |       |       |     3 |    36 ||    39
       Reflection        |       |       |     2 |     2 ||     4
